 Dungeon Crawl Stone Soup version 0.24.0-1-gfbc8707122 (webtiles) character file.

Game seed: 1595485392776095945, levelgen mode: deterministic

1570 Arum the Skirmisher (level 8, -4/53 HPs)
             Began as a Gargoyle Fighter on Oct 28, 2019.
             Was a Priest of Okawaru.
             Killed by divine providence
             ... invoked by an orc priest
              (17 damage)
             ... on level 6 of the Dungeon.
             The game lasted 00:10:03 (5689 turns).

Arum the Skirmisher (Gargoyle Fighter)              Turns: 5689, Time: 00:10:04

Health: -4/53      AC: 12    Str: 20    XL:     8   Next: 90%
Magic:  8/8        EV:  8    Int: 10    God:    Okawaru [***...]
Gold:   303        SH: 12    Dex: 10    Spells: 7/7 levels left

rFire    . . .     SeeInvis .   a - +0 flail
rCold    . . .     Gourm    .   l - +2 shield
rNeg     + . .     Faith    .   b - +0 scale mail
rPois    ∞         Spirit   .   (no helmet)
rElec    +         Reflect  .   (no cloak)
rCorr    .         Harm     .   (no gloves)
MR       .....                  (no boots)
Stlth    ..........             (no amulet)
HPRegen  0.17/turn              (no ring)
MPRegen  0.11/turn              (no ring)

@: no status effects
A: negative energy resistance 1, electricity resistance, unbreathing,
petrification resistance, rot immunity, AC +5
a: Heroism, Renounce Religion


You were on level 6 of the Dungeon.
You worshipped Okawaru.
Okawaru was most pleased with you.
You were near starving.

You visited 2 branches of the dungeon, and saw 7 of its levels.
You also visited: Sewer.

You collected 303 gold pieces.

Inventory:

Hand Weapons
 a - a +0 flail (weapon)
Missiles
 j - a throwing net (quivered)
Armour
 b - a +0 scale mail (worn)
 l - a +2 shield (worn)
Scrolls
 e - 6 scrolls of identify {unknown}
 g - 2 scrolls of magic mapping {unknown}
 h - 4 scrolls of remove curse {unknown}
 m - a scroll of random uselessness {unknown}
 p - a scroll of noise {unknown}
 r - 2 scrolls of teleportation {unknown}
 t - a scroll of blinking {unknown}
Potions
 c - a potion of haste {unknown}
 d - 2 potions of might
 i - a potion of degeneration {unknown}
 k - a potion of invisibility {unknown}
 n - 2 potions of flight {unknown}
 o - a potion of resistance {unknown}
 q - 3 potions of heal wounds {unknown}
 s - a potion of agility {unknown}
 u - 2 potions of curing
Comestibles
 f - 7 rations


   Skills:
 + Level 7.6 Fighting
 + Level 6.5 Maces & Flails
 - Level 3.2 Armour
 + Level 7.6 Shields


You had 7 spell levels left.
You didn't know any spells.
Your spell library contained the following spells:

 Spells                   Type           Power        Failure   Level  Hunger
 Magic Dart               Conj           #...         95%         1    ##.....
 Blink                    Tloc           N/A          99%         2    ###....
 Call Imp                 Summ           #.......     99%         2    ###....
 Slow                     Hex            #.......     99%         2    ###....
 Conjure Flame            Conj/Fire      #.......     100%        3    ####...
 Mephitic Cloud           Conj/Pois/Air  #.......     100%        3    ####...


Dungeon Overview and Level Annotations

Branches:
Dungeon (6/15)             Temple (1/1) D:5           Sewer (visited)

Altars:
Cheibriados
Dithmenos
Elyvilon
Fedhas
Gozag
Kikubaaqudgha
Nemelex Xobeh
Okawaru
Ru
Sif Muna
Uskayaw
Vehumet
Xom
Yredelemnul
The Shining One


Innate Abilities, Weirdness & Mutations

You are resistant to torment.
Your stone body is resilient. (AC +5)
You are immune to poison.
You resist negative energy. (rN+)
You are resistant to electric shocks. (rElec)
You can survive without breathing.
You are immune to petrification.
You are immune to rotting.


Message History

You block the orc warrior's attack.
The orc priest looks satisfied for a moment.
You hit the orc warrior but do no damage.
You block the orc warrior's attack.
The orc priest looks satisfied for a moment.
You barely miss the orc. You block the orc warrior's attack.
The orc hits you with a +0 club.
You barely miss the orc.
The orc warrior hits you with a +2 mace of protection!
* * * LOW HITPOINT WARNING * * *
The orc barely misses you.
You closely miss the orc.
The orc priest casts a cantrip, but nothing happens.
You block the orc warrior's attack. You block the orc's attack.
You sock the orc!
You kill the orc!
Okawaru accepts your kill.
The orc priest mumbles some strange prayers to Beogh against you.
Beogh smites you!
You die...

##.... ..... #
#.<.##
.####.#####....
......)@.##...#
.###.###o##...#
... #F##...#
.>...###o##...###
## #..))........#
#..
.............##.#
#.#
###############.#
#.# #.### ## #.#
#...## #.


You could see an orc warrior, a bullfrog and an orc priest.

Vanquished Creatures
  Prince Ribbit (D:6)
  Grinder (D:6)
  A sky beast (D:5)
  2 ogres
  A bullfrog (Sewer)
  A scorpion (D:4)
  A howler monkey (D:5)
  A hound (D:4)
  A crimson imp (D:5)
  2 orc priests (D:4)
  4 iguanas
  5 orc wizards
  4 worker ants
  11 adders
  6 oozes
  An adder skeleton (D:5)
  4 worms
  5 dart slugs
  8 leopard geckos
  26 orcs
  16 giant cockroaches
  6 goblins
  11 hobgoblins
  4 jackals (D:5)
  3 quokkas
  16 ball pythons
  4 bats
  17 frilled lizards
  7 kobolds
  2 leopard gecko zombies
  2 quokka skeletons
  12 rats
186 creatures vanquished.

Vanquished Creatures (others)
  An orc wizard (D:4)
1 creature vanquished.

Grand Total: 187 creatures vanquished

Notes
Turn   | Place    | Note
-------+----------+-------------------------------------------
     0 | D:1      | Arum the Gargoyle Fighter began the quest for the Orb.
     0 | D:1      | Reached XP level 1. HP: 14/14 MP: 1/1
    96 | D:1      | Reached XP level 2. HP: 17/19 MP: 2/2
   606 | D:1      | Reached XP level 3. HP: 23/24 MP: 3/3
   813 | D:2      | Found an iron altar of Okawaru.
   821 | D:2      | Became a worshipper of Warmaster Okawaru
   938 | D:2      | Reached XP level 4. HP: 27/29 MP: 4/4
  1560 | D:3      | Reached XP level 5. HP: 34/34 MP: 5/5
  2474 | D:4      | Reached XP level 6. HP: 10/40 MP: 6/6
  2729 | D:4      | Reached skill level 5 in Fighting
  2729 | D:4      | Reached skill level 5 in Shields
  2846 | D:4      | HP: 1/40 [orc priest/divine providence (11)]
  3307 | D:4      | Reached * piety under Okawaru
  3365 | D:4      | Reached XP level 7. HP: 19/44 MP: 4/7
  3917 | D:5      | Entered Level 5 of the Dungeon
  4027 | D:5      | Reached skill level 5 in Maces & Flails
  4104 | D:5      | Reached ** piety under Okawaru
  4116 | D:5      | Found a glowing drain.
  4179 | Sewer    | Entered a sewer
  4222 | Sewer    | Reached XP level 8. HP: 50/52 MP: 8/8
  4717 | D:5      | Found a basalt altar of Yredelemnul.
  4902 | D:5      | Found a staircase to the Ecumenical Temple.
  4911 | Temple   | Entered the Ecumenical Temple
  5186 | D:6      | Found a shadowy altar of Dithmenos.
  5348 | D:6      | Noticed Grinder
  5356 | D:6      | Paralysed by Grinder for 5 turns
  5372 | D:6      | Paralysed by Grinder for 4 turns
  5380 | D:6      | Killed Grinder
  5565 | D:6      | Noticed Prince Ribbit
  5593 | D:6      | Killed Prince Ribbit
  5648 | D:6      | Reached *** piety under Okawaru
  5689 | D:6      | Killed from afar by an orc priest

Levels and vault maps discovered:
D:1:      tarquinn_simple_flora_water_c, layout_basic, minmay_misc_feat_room
D:2:      layout_loops_cross, kennysheep_okawaru_gauntlet, nrook_mini_vaults
D:3:      layout_basic, first_ration
D:4:      layout_loops_ring
D:5:      layout_rooms, lemuel_round_altar, minmay_temple_entry_poolview,
          portal_sewer_entry_c
D:6:      layout_loops_ring, old_standard_altar, kennysheep_mini_moat,
          minmay_misc_feat_rows, dk_noncrumbling_4, uniq_grinder,
          uniq_eustachio, uniq_prince_ribbit1, uniq_pikel
Temple:   chequers_temple_sunken

Skill      XL: |  1  2  3  4  5  6  7  8 |
---------------+-------------------------+-----
Shields        | 4 5 6 7 |  7.6
Fighting       | 4 5 6 7 |  7.6
Maces & Flails | 3 4 5 6 |  6.5
Armour         | |  3.2

Action                   |  1- 3 |  4- 6 |  7- 9 || total
-------------------------+-------+-------+-------++-------
Melee: Flail             |   153 |   290 |   425 ||   868
Invok: Heroism           |       |     1 |     3 ||     4
  Use: Potion            |       |     3 |       ||     3
  Eat: Chunk             |       |     9 |     7 ||    16
Armor: Scale mail        |    94 |   145 |   231 ||   470
Dodge: Dodged            |    65 |    79 |   143 ||   287
Block: Shield            |   100 |   139 |   226 ||   465
